 Dungeon Crawl Stone Soup version 0.26-a0-597-gb535b0901c (webtiles) character file.

Game seed: 12301681231579497166

144 Alarkh the Insei (level 5, 41/41 HPs)
             Began as a Demonspawn Gladiator on Sept 15, 2020.
             Got out of the dungeon alive.
             The game lasted 00:01:33 (1935 turns).

Alarkh the Insei (Demonspawn Gladiator)             Turns: 1935, Time: 00:01:34

Health: 41/41      AC: 10    Str: 14    XL:     5   Next: 5%
Magic:  5/5        EV: 12    Int: 11    God:
Gold:   135        SH:  0    Dex: 14    Spells: 4/4 levels left

rFire    . . .     SeeInvis .     - Unarmed
rCold    . . .     Faith    .   (no shield)
rNeg     . . .     Spirit   .   a - +0 leather armour
rPois    .         Reflect  .   b - +0 helmet
rElec    .         Harm     .   (no cloak)
rCorr    .                      (no gloves)
MR       .....                  (no boots)
Stlth    +.........             (no amulet)
HPRegen  0.13/turn              l - +4 ring of protection
MPRegen  0.09/turn              (no ring)

@: no status effects
A: claws 2, molten scales 1
a: no special abilities


You escaped.
You visited 1 branch of the dungeon, and saw 2 of its levels.

You collected 135 gold pieces.

Inventory:

Missiles
 c - 3 throwing nets (quivered)
Armour
 a - a +0 leather armour (worn)
 b - a +0 helmet (worn)
Jewellery
 l - a +4 ring of protection (left claw)
Wands
 p - a wand of flame (8)
Scrolls
 d - a scroll of random uselessness {unknown}
 e - a scroll of magic mapping {unknown}
 h - 2 scrolls of identify {unknown}
 i - 2 scrolls of immolation {unknown}
 j - a scroll of remove curse {unknown}
 k - a scroll of enchant weapon {unknown}
 m - a scroll of blinking {unknown}
 o - 3 scrolls of noise {unknown}
 q - a scroll of fog {unknown}
Potions
 f - a potion of stabbing {unknown}
 g - 2 potions of flight {unknown}
 n - a potion of heal wounds {unknown}


   Skills:
 + Level 3.4 Fighting
 - Level 1.7 Throwing
 - Level 2.6 Dodging
 * Level 4.5 Unarmed Combat


You had 4 spell levels left.
You didn't know any spells.
Your spell library was empty.

Dungeon Overview and Level Annotations

Branches:
Dungeon (2/15)

Altars:
Makhleb


Innate Abilities, Weirdness & Mutations

You have very sharp fingernails.
You are partially covered in molten scales. (AC +2)


Message History

You see here a kobold corpse.
i - 2 scrolls labeled BUTONO HYFAOC (gained 1)
You open the door.
There is an open door here.
You open the door.
There is an open door here.
Done exploring.
Done exploring.
Done exploring.
Done exploring.
(D) Dungeon
Where to? (Enter - D:2, ? - help)
What level of the Dungeon? (default 1, ? - help)
There is a stone staircase leading up here.
You climb upwards.
There is a stone staircase leading down here.
There is a stone staircase leading down here.
There is a staircase leading out of the dungeon here.
Are you sure you want to leave the Dungeon?
This will make you lose the game!
You have escaped!

.# #...........#.#.#
.####.#...#############
.##......#######....#.##
.##.....###.........#..#
.........##............#
.##......#.............##
.##............≈≈≈......#
.####.##......≈...≈..)..##
......##......≈.@.≈......#
.#######......≈...≈......#
##
#.......≈≈≈.......#######
#.###...(.....###..(....#
#.##............#...###.#
###........#...####.# #.#
###......#...# #.# #.#
############ #># #.## #.#
#.# #.# #..#


There were no monsters in sight!

Vanquished Creatures
  A hound (D:2)
  5 adders (D:2)
  A white imp (D:2)
  3 dart slugs
  A leopard gecko (D:2)
  A giant cockroach (D:2)
  4 goblins
  3 hobgoblins
  8 jackals
  9 kobolds
  2 ball pythons
  6 bats
  3 frilled lizards
  8 rats
55 creatures vanquished.

Notes
Turn   | Place    | Note
-------+----------+-------------------------------------------
     0 | D:1      | Alarkh the Demonspawn Gladiator began the quest for the
                  | Orb.
     0 | D:1      | Reached XP level 1. HP: 16/16 MP: 1/1
    81 | D:1      | Reached skill level 3 in Unarmed Combat
   131 | D:1      | Gained mutation: You have sharp fingernails. [demonic
                  | ancestry]
   131 | D:1      | Reached XP level 2. HP: 19/22 MP: 2/2
   740 | D:1      | Gained mutation: You have very sharp fingernails. [demonic
                  | ancestry]
   740 | D:1      | Reached XP level 3. HP: 28/28 MP: 3/3
   786 | D:2      | Found a burning altar of Makhleb.
   889 | D:2      | Reached skill level 4 in Unarmed Combat
   889 | D:2      | Reached XP level 4. HP: 28/35 MP: 4/4
  1651 | D:2      | Gained mutation: You are partially covered in molten
                  | scales. (AC +2) [demonic ancestry]
  1651 | D:2      | Reached XP level 5. HP: 40/41 MP: 5/5
  1935 | D:$      | Got out of the dungeon alive.

Illustrated notes

Levels and vault maps discovered:
D:1:      enne_arrival_octagon_isle, layout_loops_ring, glass_columns_a,
          grunt_decor_cap, minmay_crystal_water, minmay_misc_feat_chi
D:2:      layout_loops_ring, minivault_11, makhleb_heckhound_becter

Skill      XL: |  1  2  3 |
---------------+----------+-----
Unarmed Combat | 3 4 |  4.5
Fighting       | 3 |  3.4
Throwing       | |  1.7
Dodging        | |  2.6

Action                   |  1- 3 |  4- 6 || total
-------------------------+-------+-------++-------
Melee: Unarmed           |    89 |    82 ||   171
 Stab: Sleeping          |     1 |       ||     1
Armor: Leather armour    |    31 |    27 ||    58
Dodge: Dodged            |    58 |    49 ||   107

Table legend: (Time is in decaauts)
 A = Elapsed time spent in this place.
 B = Non-inter-level travel time spent in this place.
 C = Inter-level travel time spent in this place.
 D = Time resting spent in this place.
 E = Time spent auto-exploring this place.
 F = Levels seen in this place.
 G = Mean time per level.
                   A        B        C        D        E       F      G
               +--------+--------+--------+--------+--------+-----+--------+
         Total |   1923 |   1804 |    119 |    377 |   1105 |   2 |  961.5 |
       Dungeon |   1923 |   1804 |    119 |    377 |   1105 |   2 |  961.5 |
               +--------+--------+--------+--------+--------+-----+--------+

Top non-repeatable levels by time:
     D:2: 1083 daAuts
     D:1: 840 daAuts
